Sharks vs Blues
(R1)
Created - 17 février 2013 at 18:57
Goals
|
| Sharks |
3 |
0 |
4 |
7 |
| Blues |
2 |
3 |
0 |
5 |
|
Shots
|
| Sharks |
8 |
11 |
15 |
34 |
| Blues |
8 |
11 |
6 |
25 |
|
1st period
1. Sharks , Henrik Sedin 30 (Bobby Ryan) at 5:49 (PP)
2. Sharks , Adam Mair 7 (Dan Girardi) at 9:30
3. Sharks , Bobby Ryan 7 (Mike Komisarek, Henrik Sedin) at 14:42 (PP)
4. Blues , Jamie Langenbrunner 8 (Travis Zajac, Paul Kariya) at 15:29 (PP)
5. Blues , Paul Kariya 17 (Jamie Langenbrunner, Travis Zajac) at 16:06 (PP)
Penalties :
Maxim Afinogenov (STL) for Hooking (Minor) at 3:58, Blake Wheeler (STL) for Interference (Minor) at 6:49, Maxim Afinogenov (STL) for Hooking (Minor) at 11:22, Éric Belanger (STL) for Hooking (Minor) at 13:50, Bobby Ryan (SJS) for Tripping (Minor) at 15:19, Milan Hejduk (SJS) for Holding (Minor) at 15:52, Bryce Lampman (STL) for Roughing (Minor) at 17:50
2nd period
6. Blues , Paul Kariya 18 (Tomas Plekanec, Éric Belanger) at 8:07
7. Blues , Éric Belanger 7 (Ville Peltonen, Dan Boyle) at 19:36
8. Blues , Maxim Afinogenov 17 (Travis Zajac) at 19:42
Penalties :
Bobby Ryan (SJS) for Holding (Minor) at 4:11, Henrik Sedin (SJS) for Holding (Minor) at 14:11, Ryan Malone (SJS) for Tripping (Minor) at 17:03
3rd period
9. Sharks , Henrik Sedin 31 (Daniel Sedin) at 0:10
10. Sharks , Mikko Koivu 13 (Tomas Fleischmann, Joni Pitkanen) at 7:24 (PP)
11. Sharks , Mikko Koivu 14 (Vitaly Vishnevsky, Tomas Fleischmann) at 11:56
12. Sharks , Georges Laraque 13 (Henrik Sedin, Daniel Sedin) at 19:52 (Empty Net)
Penalties :
Drew Fata (STL) for Delaying the game (Minor) at 6:18, Joni Pitkanen (SJS) for Hooking (Minor) at 13:49
Goalie Stats
Martin Biron (SJS), 11 saves from 16 shots - (0,688), 39:42 minutes
Pascal Leclaire (SJS), 9 saves from 9 shots - (1,000), W, 17-11-3, 20:18 minutes
Tim Thomas (STL), 27 saves from 33 shots - (0,818), L, 10-9-0, 59:33 minutes
Players Stats for Sharks
Player Name G A P +/- PIM S H SB GA TA FO MP PP MP PK MP
------------------------------------------------------------------------------------
Adam Mair 1 0 1 0 0 1 0 0 0 0 1/4 7:47 0:00 2:37
Andrei Markov 0 0 0 1 0 0 1 1 1 0 0/0 28:08 5:10 4:12
Bates Battaglia 0 0 0 0 0 1 1 0 0 0 0/0 7:32 0:00 2:31
Bobby Ryan 1 1 2 0 4 4 2 1 0 0 0/1 19:27 5:34 0:00
Dan Girardi 0 1 1 0 0 0 2 0 0 0 0/0 21:19 4:36 3:32
Daniel Sedin 0 2 2 1 0 4 2 1 1 2 1/3 23:57 5:34 3:55
David Hale 0 0 0 0 0 1 0 1 0 0 0/0 11:36 0:00 1:39
Georges Laraque 1 0 1 0 0 5 4 0 0 0 0/0 10:53 0:00 0:00
Henrik Sedin 2 2 4 1 2 5 2 1 2 1 19/45 22:58 5:34 2:57
Joni Pitkanen 0 1 1 1 2 1 0 1 0 2 0/0 27:22 5:10 3:13
Mike Fisher 0 0 0 -1 0 2 1 0 0 0 5/5 13:03 0:00 2:25
Mike Johnson 0 0 0 0 0 0 0 0 0 0 0/0 5:01 0:00 0:00
Mike Komisarek 0 1 1 0 0 1 1 1 0 1 0/0 21:06 4:36 3:25
Mikko Koivu 2 0 2 1 0 4 2 0 0 0 3/4 16:25 4:12 0:21
Milan Hejduk 0 0 0 1 2 2 1 1 1 0 0/0 18:04 4:12 1:42
Ryan Malone 0 0 0 -1 2 1 0 0 0 0 1/1 10:20 0:00 0:12
Tomas Fleischmann 0 2 2 1 0 2 3 0 0 0 0/1 16:04 4:12 0:00
Vitaly Vishnevsky 0 1 1 0 0 0 0 1 1 0 0/0 10:32 0:00 0:39
Players Stats for Blues
Player Name G A P +/- PIM S H SB GA TA FO MP PP MP PK MP
------------------------------------------------------------------------------------
Blake Wheeler 0 0 0 -2 2 1 0 0 0 0 0/0 11:03 0:05 0:43
Brent Burns 0 0 0 1 0 1 3 0 0 0 0/0 20:09 4:29 1:16
Bryce Lampman 0 0 0 1 2 0 1 2 0 1 0/0 17:55 0:00 4:41
Dan Boyle 0 1 1 -2 0 3 0 2 1 0 0/0 23:26 4:34 0:13
Danny Richmond 0 0 0 -2 0 3 1 3 0 0 0/0 24:45 3:46 4:17
Darcy Hordichuk 0 0 0 -1 0 0 1 1 0 0 0/0 10:12 0:00 0:38
Drew Fata 0 0 0 0 2 0 0 0 0 1 0/0 13:48 0:05 3:36
Éric Belanger 1 1 2 1 2 1 0 0 1 1 0/4 11:43 1:27 3:20
François Beauchemin 0 0 0 0 0 1 0 2 0 0 0/0 19:55 3:46 5:29
Jamie Langenbrunner 1 1 2 -1 0 1 1 0 1 1 1/2 16:13 4:07 0:00
Matthew Lombardi 0 0 0 -1 0 1 0 1 1 1 2/5 15:54 0:45 5:27
Maxim Afinogenov 1 0 1 0 4 3 0 2 0 0 0/2 17:03 3:40 0:00
Paul Kariya 2 1 3 0 0 6 2 1 1 0 8/12 21:53 4:08 5:48
Rick Nash 0 0 0 0 0 3 2 0 1 0 1/2 20:34 3:42 3:24
Tomas Plekanec 0 1 1 0 0 1 3 0 0 0 5/11 14:29 3:04 0:12
Travis Zajac 0 3 3 -1 0 0 0 0 0 0 17/26 18:16 4:02 0:00
Vaclav Varada 0 0 0 1 0 0 0 0 0 0 0/0 6:45 0:00 0:00
Ville Peltonen 0 1 1 1 0 0 0 0 0 1 0/0 6:05 0:00 0:00
3 Stars
1 - Henrik Sedin (SJS)
2 - Paul Kariya (STL)
3 - Mikko Koivu (SJS)
Power Play
Sharks - 3 on 6 Attempt(s) - 50,00%
Blues - 2 on 6 Attempt(s) - 33,33%
Penalty Kill
Sharks - 4 on 6 Attempt(s) - 66,67%
- Score 0 goal in Penalty Kill
Blues - 3 on 6 Attempt(s) - 50,00%
- Score 0 goal in Penalty Kill
Official
Referees : O'Rourke Dan and Jackson Dave
Linesman : Tim Nowak and Bryan Pancich
Game Notes
Pascal Leclaire enters game at 19:42 of 2nd period
Georges Laraque has scored in a empty net!
Finance
Level 1 -- Attendance: 4274 (71,23%) -- Ticket Income 414 578 $
Level 2 -- Attendance: 4707 (94,14%) -- Ticket Income 268 299 $
Level 3 -- Attendance: 2000 (100,00%) -- Ticket Income 66 000 $
Level 4 -- Attendance: 3671 (91,78%) -- Ticket Income 73 420 $
Luxury Box -- Attendance: 732 (73,20%) -- Ticket Income 146 400 $
Game was played at the Scotttrade center
Total Attendance: 15384 (85,47%)
Total Ticket Income: 968 697 $
Total Income: 968 697 $
Sharks
5 vs 5 Forward
Center Left Wing Right Wing Time % Phy DF OF
1 Henrik Sedin Daniel Sedin Bobby Ryan 40 1 2 2
2 Mikko Koivu Tomas Fleischmann Milan Hejduk 30 1 2 2
3 Mike Fisher Ryan Malone Georges Laraque 20 1 2 2
4 Adam Mair Bates Battaglia Mike Johnson 10 1 2 2
5 vs 5 Defense
Defense Defense Time % Phy DF OF
1 Joni Pitkanen Andrei Markov 40 1 2 2
2 Dan Girardi Mike Komisarek 30 1 2 2
3 Vitaly Vishnevsky David Hale 20 1 2 2
4 Joni Pitkanen Andrei Markov 10 1 2 2
PowerPlay Forward
Center Left Wing Right Wing Time % Phy DF OF
1 Henrik Sedin Daniel Sedin Bobby Ryan 60 1 2 2
2 Mikko Koivu Tomas Fleischmann Milan Hejduk 40 1 2 2
PowerPlay Defense
Defense Defense Time % Phy DF OF
1 Joni Pitkanen Andrei Markov 60 1 2 2
2 Dan Girardi Mike Komisarek 40 1 2 2
Penalty Kill 4 Players Forward
Center Wing Time % Phy DF OF
1 Henrik Sedin Daniel Sedin 60 1 2 2
2 Mike Fisher Milan Hejduk 40 1 2 2
Penalty Kill 4 Players Defense
Defense Defense Time % Phy DF OF
1 Joni Pitkanen Andrei Markov 60 1 2 2
2 Dan Girardi Mike Komisarek 40 1 2 2
Penalty Kill - 3 Players Forward
Forward Time % Phy DF OF
1 Henrik Sedin 60 1 2 2
2 Daniel Sedin 40 1 2 2
Penalty Kill - 3 Players Defense
Defense Defense Time % Phy DF OF
1 Joni Pitkanen Andrei Markov 60 1 2 2
2 Dan Girardi Mike Komisarek 40 1 2 2
4 vs 4 Forward
Center Wing Time % Phy DF OF
1 Henrik Sedin Daniel Sedin 60 1 2 2
2 Mikko Koivu Milan Hejduk 40 1 2 2
4 vs 4 Defense
Defense Defense Time % Phy DF OF
1 Joni Pitkanen Andrei Markov 60 1 2 2
2 Dan Girardi Mike Komisarek 40 1 2 2
Last Minutes Offensive
Center Left Wing Right Wing Defense Defense
Henrik Sedin Daniel Sedin Georges Laraque Joni Pitkanen Andrei Markov
Last Minutes Defensive
Center Left Wing Right Wing Defense Defense
Henrik Sedin Daniel Sedin Georges Laraque Joni Pitkanen Andrei Markov
Goaltenders
Starting : Martin Biron
Backup : Pascal Leclaire
Extra Forwards
Normal : Mike Fisher, Bobby Ryan, Adam Mair - PP : Mike Fisher, Bobby Ryan - PK : Adam Mair
Extra Defensemen
Normal : Vitaly Vishnevsky, Dan Girardi, David Hale - PP : Vitaly Vishnevsky - PK : Dan Girardi, David Hale
Penalty Shots
Henrik Sedin, Daniel Sedin, Ryan Malone, Milan Hejduk, Mikko Koivu
Blues
5 vs 5 Forward
Center Left Wing Right Wing Time % Phy DF OF
1 Travis Zajac Rick Nash Maxim Afinogenov 40 1 2 2
2 Tomas Plekanec Paul Kariya Jamie Langenbrunner 30 1 2 2
3 Matthew Lombardi Darcy Hordichuk Blake Wheeler 20 1 2 2
4 Éric Belanger Ville Peltonen Vaclav Varada 10 1 2 2
5 vs 5 Defense
Defense Defense Time % Phy DF OF
1 Dan Boyle Danny Richmond 40 1 2 2
2 Brent Burns Bryce Lampman 30 1 2 2
3 François Beauchemin Drew Fata 20 1 2 2
4 Dan Boyle Brent Burns 10 1 2 2
PowerPlay Forward
Center Left Wing Right Wing Time % Phy DF OF
1 Travis Zajac Paul Kariya Jamie Langenbrunner 55 0 1 4
2 Tomas Plekanec Rick Nash Maxim Afinogenov 45 0 1 4
PowerPlay Defense
Defense Defense Time % Phy DF OF
1 Dan Boyle Brent Burns 60 0 2 3
2 François Beauchemin Danny Richmond 40 0 2 3
Penalty Kill 4 Players Forward
Center Wing Time % Phy DF OF
1 Paul Kariya Matthew Lombardi 60 1 3 1
2 Éric Belanger Rick Nash 40 1 3 1
Penalty Kill 4 Players Defense
Defense Defense Time % Phy DF OF
1 Bryce Lampman François Beauchemin 60 2 3 0
2 Danny Richmond Drew Fata 40 2 3 0
Penalty Kill - 3 Players Forward
Forward Time % Phy DF OF
1 Jamie Langenbrunner 60 1 3 1
2 Paul Kariya 40 1 3 1
Penalty Kill - 3 Players Defense
Defense Defense Time % Phy DF OF
1 Dan Boyle Brent Burns 60 2 3 0
2 Bryce Lampman Danny Richmond 40 2 3 0
4 vs 4 Forward
Center Wing Time % Phy DF OF
1 Travis Zajac Maxim Afinogenov 60 1 2 2
2 Tomas Plekanec Paul Kariya 40 1 2 2
4 vs 4 Defense
Defense Defense Time % Phy DF OF
1 Dan Boyle Danny Richmond 60 1 2 2
2 Bryce Lampman Brent Burns 40 1 2 2
Last Minutes Offensive
Center Left Wing Right Wing Defense Defense
Travis Zajac Paul Kariya Jamie Langenbrunner Dan Boyle Brent Burns
Last Minutes Defensive
Center Left Wing Right Wing Defense Defense
Éric Belanger Paul Kariya Jamie Langenbrunner Bryce Lampman Danny Richmond
Goaltenders
Starting : Tim Thomas
Backup : Tuukka Rask
Extra Forwards
Normal : Blake Wheeler, Matthew Lombardi, Maxim Afinogenov - PP : Éric Belanger, Matthew Lombardi - PK : Blake Wheeler
Extra Defensemen
Normal : François Beauchemin, Dan Boyle, Bryce Lampman - PP : Drew Fata - PK : Brent Burns, Dan Boyle
Penalty Shots
Maxim Afinogenov, Paul Kariya, Travis Zajac, Jamie Langenbrunner, Blake Wheeler
% Time on Ice - Sharks
Lines # - Real PCT - Wanted PCT - Time Play
Normal Forward
1 - 33% - 40% - 13:22
2 - 31% - 30% - 12:38
3 - 24% - 20% - 9:47
4 - 12% - 10% - 5:01
Normal Defense
1 - 44% - 40% - 17:54
2 - 33% - 30% - 13:24
3 - 22% - 20% - 9:01
4 - 1% - 10% - 0:29
PP Forward
1 - 57% - 60% - 5:34
2 - 43% - 40% - 4:12
PP Defense
1 - 53% - 60% - 5:10
2 - 47% - 40% - 4:36
PK Forward
1 - 80% - 60% - 6:38
2 - 20% - 40% - 1:42
PK Defense
1 - 62% - 60% - 5:12
2 - 38% - 40% - 3:08
PK3 Forward
1 - 0% - 60%
2 - 0% - 40%
PK3 Defense
1 - 0% - 60%
2 - 0% - 40%
44 Forward
1 - 0% - 60%
2 - 0% - 40%
44 Defense
1 - 0% - 60%
2 - 0% - 40%
Last Minute Offensive - 0:00
Last Minute Defensive - 1:06
Total
Forward - 60:00
Defense - 60:00
|
% Time on Ice - Blues
Lines # - Real PCT - Wanted PCT - Time Play
Normal Forward
1 - 33% - 40% - 13:28
2 - 32% - 30% - 12:53
3 - 21% - 20% - 8:29
4 - 15% - 10% - 5:57
Normal Defense
1 - 39% - 40% - 15:47
2 - 33% - 30% - 13:33
3 - 25% - 20% - 10:07
4 - 3% - 10% - 1:20
PP Forward
1 - 55% - 55% - 4:35
2 - 45% - 45% - 3:45
PP Defense
1 - 55% - 60% - 4:34
2 - 45% - 40% - 3:46
PK Forward
1 - 65% - 60% - 6:22
2 - 35% - 40% - 3:24
PK Defense
1 - 56% - 60% - 5:29
2 - 44% - 40% - 4:17
PK3 Forward
1 - 0% - 60%
2 - 0% - 40%
PK3 Defense
1 - 0% - 60%
2 - 0% - 40%
44 Forward
1 - 0% - 60%
2 - 0% - 40%
44 Defense
1 - 0% - 60%
2 - 0% - 40%
Last Minute Offensive - 1:07
Last Minute Defensive - 0:00
Total
Forward - 60:00
Defense - 60:00
|
Play by Play
1st period
0:01 of 1st period - Travis Zajac wins face-off versus Henrik Sedin in neutral zone.
0:26 of 1st period - Andrei Markov is hit by Paul Kariya and loses puck.
1:02 of 1st period - Icing by Ryan Malone.
1:03 of 1st period - Mike Fisher wins face-off versus Éric Belanger in Sharks zone.
1:39 of 1st period - Wrist shot by Travis Zajac.
1:39 of 1st period - Shot Misses the Net.
1:56 of 1st period - Mikko Koivu is hit by Tomas Plekanec and loses puck.
2:08 of 1st period - Off-side.
2:09 of 1st period - Mike Fisher wins face-off versus Matthew Lombardi in neutral zone.
2:12 of 1st period - Backhand shot by Andrei Markov.
2:12 of 1st period - Shot Blocked by Darcy Hordichuk.
2:18 of 1st period - Slapshot by Ryan Malone.
2:18 of 1st period - Shot Misses the Net.
2:36 of 1st period - Joni Pitkanen is hit by Brent Burns and loses puck.
3:24 of 1st period - Mike Johnson is hit by Danny Richmond and loses puck.
3:58 of 1st period - Minor Penalty to Maxim Afinogenov for Hooking.
3:59 of 1st period - Paul Kariya wins face-off versus Henrik Sedin in Blues zone.
4:08 of 1st period - Backhand shot by Paul Kariya.
4:08 of 1st period - Stopped by Martin Biron without a rebound.
4:09 of 1st period - Paul Kariya wins face-off versus Henrik Sedin in Sharks zone.
4:58 of 1st period - Icing by Joni Pitkanen.
4:59 of 1st period - Paul Kariya wins face-off versus Henrik Sedin in Sharks zone.
5:22 of 1st period - Slapshot by Mikko Koivu.
5:22 of 1st period - Shot Blocked by Danny Richmond.
5:37 of 1st period - Off-side.
5:38 of 1st period - Henrik Sedin wins face-off versus Rick Nash in neutral zone.
5:45 of 1st period - Snap shot by Daniel Sedin.
5:45 of 1st period - Stopped by Tim Thomas without a rebound.
5:46 of 1st period - Henrik Sedin wins face-off versus Paul Kariya in Blues zone.
5:49 of 1st period - Snap shot by Henrik Sedin.
5:49 of 1st period - Goal by Henrik Sedin - Sharks : 1 - Blues : 0.
5:50 of 1st period - Travis Zajac wins face-off versus Daniel Sedin in neutral zone.
6:05 of 1st period - Snap shot by Daniel Sedin.
6:05 of 1st period - Stopped by Tim Thomas with a rebound.
6:15 of 1st period - Joni Pitkanen is hit by Tomas Plekanec and loses puck.
6:49 of 1st period - Minor Penalty to Blake Wheeler for Interference.
6:50 of 1st period - Paul Kariya wins face-off versus Henrik Sedin in Blues zone.
6:50 of 1st period - Paul Kariya is hit by Bobby Ryan.
7:16 of 1st period - François Beauchemin is hit by Tomas Fleischmann and loses puck.
7:23 of 1st period - Slapshot by Milan Hejduk.
7:23 of 1st period - Shot Misses the Net.
7:25 of 1st period - Wrist shot by Mike Komisarek.
7:25 of 1st period - Shot Blocked by Paul Kariya.
8:49 of 1st period - Penalty to Blake Wheeler is over, Blake Wheeler is back on ice.
8:59 of 1st period - Snap shot by Rick Nash.
8:59 of 1st period - Shot Misses the Net.
9:01 of 1st period - Snap shot by Rick Nash.
9:01 of 1st period - Shot Misses the Net.
9:03 of 1st period - Snap shot by Maxim Afinogenov.
9:03 of 1st period - Shot Blocked by Mike Komisarek.
9:30 of 1st period - Snap shot by Adam Mair.
9:30 of 1st period - Goal by Adam Mair - Sharks : 2 - Blues : 0.
9:31 of 1st period - Travis Zajac wins face-off versus Henrik Sedin in neutral zone.
9:34 of 1st period - Wrist shot by Dan Boyle.
9:34 of 1st period - Stopped by Martin Biron with a rebound.
9:36 of 1st period - Slapshot by Dan Boyle.
9:36 of 1st period - Shot Misses the Net.
9:38 of 1st period - Slapshot by Rick Nash.
9:38 of 1st period - Shot Misses the Net.
9:40 of 1st period - Slapshot by Rick Nash.
9:40 of 1st period - Stopped by Martin Biron with a rebound.
9:42 of 1st period - Slapshot by Danny Richmond.
9:42 of 1st period - Deflect By Rick Nash.
9:42 of 1st period - Shot Misses the Net.
9:42 of 1st period - Puck is out of play.
9:43 of 1st period - Travis Zajac wins face-off versus Henrik Sedin in Sharks zone.
9:48 of 1st period - Wrist shot by Maxim Afinogenov.
9:48 of 1st period - Deflect By Daniel Sedin.
9:48 of 1st period - Shot Blocked by Daniel Sedin.
9:48 of 1st period - Puck is out of play.
9:49 of 1st period - Henrik Sedin wins face-off versus Travis Zajac in Sharks zone.
10:02 of 1st period - Wrist shot by Rick Nash.
10:02 of 1st period - Stopped by Martin Biron without a rebound.
10:03 of 1st period - Henrik Sedin wins face-off versus Maxim Afinogenov in Sharks zone.
10:18 of 1st period - Wrist shot by Travis Zajac.
10:18 of 1st period - Shot Misses the Net.
10:35 of 1st period - Snap shot by Mikko Koivu.
10:35 of 1st period - Shot Blocked by Danny Richmond.
11:17 of 1st period - Off-side.
11:18 of 1st period - Travis Zajac wins face-off versus Henrik Sedin in neutral zone.
11:22 of 1st period - Minor Penalty to Maxim Afinogenov for Hooking.
11:23 of 1st period - Henrik Sedin wins face-off versus Paul Kariya in Blues zone.
11:28 of 1st period - Wrist shot by Bobby Ryan.
11:28 of 1st period - Stopped by Tim Thomas without a rebound.
11:29 of 1st period - Paul Kariya wins face-off versus Henrik Sedin in Blues zone.
11:29 of 1st period - Paul Kariya is hit by Henrik Sedin.
13:22 of 1st period - Penalty to Maxim Afinogenov is over, Maxim Afinogenov is back on ice.
13:44 of 1st period - Dan Boyle is hit by Georges Laraque and loses puck.
13:50 of 1st period - Minor Penalty to Éric Belanger for Hooking.
13:51 of 1st period - Paul Kariya wins face-off versus Henrik Sedin in Blues zone.
13:59 of 1st period - Icing by Henrik Sedin.
14:00 of 1st period - Henrik Sedin wins face-off versus Paul Kariya in Sharks zone.
14:10 of 1st period - Slapshot by Bobby Ryan.
14:10 of 1st period - Shot Misses the Net.
14:12 of 1st period - Slapshot by Mike Komisarek.
14:12 of 1st period - Shot Blocked by François Beauchemin.
14:14 of 1st period - Snap shot by Daniel Sedin.
14:14 of 1st period - Shot Misses the Net.
14:38 of 1st period - Slapshot by Bobby Ryan.
14:38 of 1st period - Stopped by Tim Thomas with a rebound.
14:40 of 1st period - Slapshot by Bobby Ryan.
14:40 of 1st period - Shot Blocked by Danny Richmond.
14:42 of 1st period - Slapshot by Mike Komisarek.
14:42 of 1st period - Deflect By Bobby Ryan.
14:42 of 1st period - Goal by Bobby Ryan - Sharks : 3 - Blues : 0.
14:43 of 1st period - Mikko Koivu wins face-off versus Travis Zajac in neutral zone.
14:48 of 1st period - Dan Boyle is hit by Milan Hejduk and loses puck.
15:16 of 1st period - Wrist shot by Tomas Plekanec.
15:16 of 1st period - Stopped by Martin Biron without a rebound.
15:17 of 1st period - Henrik Sedin wins face-off versus Tomas Plekanec in Sharks zone.
15:19 of 1st period - Minor Penalty to Bobby Ryan for Tripping.
15:20 of 1st period - Travis Zajac wins face-off versus Daniel Sedin in Sharks zone.
15:27 of 1st period - Backhand shot by Travis Zajac.
15:27 of 1st period - Shot Misses the Net.
15:29 of 1st period - Wrist shot by Jamie Langenbrunner.
15:29 of 1st period - Goal by Jamie Langenbrunner - Sharks : 3 - Blues : 1.
15:30 of 1st period - Travis Zajac wins face-off versus Henrik Sedin in neutral zone.
15:52 of 1st period - Minor Penalty to Milan Hejduk for Holding.
15:53 of 1st period - Henrik Sedin wins face-off versus Jamie Langenbrunner in Sharks zone.
16:04 of 1st period - Snap shot by Jamie Langenbrunner.
16:04 of 1st period - Shot Misses the Net.
16:06 of 1st period - Snap shot by Paul Kariya.
16:06 of 1st period - Goal by Paul Kariya - Sharks : 3 - Blues : 2.
16:07 of 1st period - Rick Nash wins face-off versus Henrik Sedin in neutral zone.
16:10 of 1st period - Slapshot by Danny Richmond.
16:10 of 1st period - Shot Misses the Net.
16:12 of 1st period - Slapshot by Dan Boyle.
16:12 of 1st period - Deflect By Maxim Afinogenov.
16:12 of 1st period - Shot Misses the Net.
16:12 of 1st period - Puck is out of play.
16:13 of 1st period - Henrik Sedin wins face-off versus Travis Zajac in Sharks zone.
16:18 of 1st period - Snap shot by Andrei Markov.
16:18 of 1st period - Deflect By Henrik Sedin.
16:18 of 1st period - Stopped by Tim Thomas with a rebound.
16:46 of 1st period - Backhand shot by Dan Boyle.
16:46 of 1st period - Stopped by Martin Biron without a rebound.
16:47 of 1st period - Tomas Plekanec wins face-off versus Henrik Sedin in Sharks zone.
16:56 of 1st period - Snap shot by Tomas Plekanec.
16:56 of 1st period - Shot Misses the Net.
16:58 of 1st period - Slapshot by Brent Burns.
16:58 of 1st period - Shot Blocked by David Hale.
17:00 of 1st period - Slapshot by Brent Burns.
17:00 of 1st period - Shot Blocked by Vitaly Vishnevsky.
17:02 of 1st period - Snap shot by Paul Kariya.
17:02 of 1st period - Shot Misses the Net.
17:17 of 1st period - Wrist shot by Milan Hejduk.
17:17 of 1st period - Shot Misses the Net.
17:23 of 1st period - Snap shot by Milan Hejduk.
17:23 of 1st period - Shot Blocked by Bryce Lampman.
17:50 of 1st period - Minor Penalty to Bryce Lampman for Roughing.
17:51 of 1st period - Henrik Sedin wins face-off versus Paul Kariya in Blues zone.
18:18 of 1st period - Wrist shot by Mikko Koivu.
18:18 of 1st period - Shot Misses the Net.
19:50 of 1st period - Penalty to Bryce Lampman is over, Bryce Lampman is back on ice.
2nd period
0:01 of 2nd period - Travis Zajac wins face-off versus Henrik Sedin in neutral zone.
0:25 of 2nd period - Bobby Ryan is hit by Darcy Hordichuk and loses puck.
1:15 of 2nd period - Wrist shot by Ville Peltonen.
1:15 of 2nd period - Shot Misses the Net.
1:17 of 2nd period - Snap shot by Brent Burns.
1:17 of 2nd period - Shot Misses the Net.
1:50 of 2nd period - Icing by Mikko Koivu.
1:51 of 2nd period - Matthew Lombardi wins face-off versus Tomas Fleischmann in Sharks zone.
2:26 of 2nd period - Snap shot by Matthew Lombardi.
2:26 of 2nd period - Shot Misses the Net.
2:28 of 2nd period - Snap shot by Darcy Hordichuk.
2:28 of 2nd period - Shot Blocked by Milan Hejduk.
2:30 of 2nd period - Snap shot by Blake Wheeler.
2:30 of 2nd period - Shot Misses the Net.
2:32 of 2nd period - Backhand shot by Darcy Hordichuk.
2:32 of 2nd period - Shot Misses the Net.
2:57 of 2nd period - Off-side.
2:58 of 2nd period - Travis Zajac wins face-off versus Henrik Sedin in neutral zone.
3:06 of 2nd period - Off-side.
3:07 of 2nd period - Travis Zajac wins face-off versus Henrik Sedin in neutral zone.
3:43 of 2nd period - François Beauchemin is hit by Henrik Sedin and loses puck.
3:56 of 2nd period - Slapshot by Maxim Afinogenov.
3:56 of 2nd period - Shot Blocked by Henrik Sedin.
4:11 of 2nd period - Minor Penalty to Bobby Ryan for Holding.
4:12 of 2nd period - Mike Fisher wins face-off versus Éric Belanger in Sharks zone.
4:21 of 2nd period - Slapshot by Dan Boyle.
4:21 of 2nd period - Stopped by Martin Biron with a rebound.
4:23 of 2nd period - Snap shot by Brent Burns.
4:23 of 2nd period - Stopped by Martin Biron without a rebound.
4:24 of 2nd period - Jamie Langenbrunner wins face-off versus Adam Mair in Sharks zone.
4:33 of 2nd period - Snap shot by Travis Zajac.
4:33 of 2nd period - Shot Blocked by Joni Pitkanen.
5:19 of 2nd period - François Beauchemin is hit by Dan Girardi and loses puck.
5:40 of 2nd period - Bates Battaglia is hit by Brent Burns and loses puck.
6:11 of 2nd period - Penalty to Bobby Ryan is over, Bobby Ryan is back on ice.
6:11 of 2nd period - Backhand shot by Matthew Lombardi.
6:11 of 2nd period - Shot Blocked by Bobby Ryan.
6:48 of 2nd period - Éric Belanger is hit by Mike Komisarek and loses puck.
7:16 of 2nd period - Wrist shot by Henrik Sedin.
7:16 of 2nd period - Deflect By Dan Boyle.
7:16 of 2nd period - Shot Misses the Net.
7:16 of 2nd period - Puck is out of play.
7:17 of 2nd period - Henrik Sedin wins face-off versus Travis Zajac in Blues zone.
7:18 of 2nd period - Snap shot by Bobby Ryan.
7:18 of 2nd period - Shot Blocked by Maxim Afinogenov.
7:44 of 2nd period - Joni Pitkanen is hit by Bryce Lampman and loses puck.
7:53 of 2nd period - Snap shot by Milan Hejduk.
7:53 of 2nd period - Stopped by Tim Thomas with a rebound.
8:07 of 2nd period - Wrist shot by Paul Kariya.
8:07 of 2nd period - Goal by Paul Kariya - Sharks : 3 - Blues : 3.
8:08 of 2nd period - Tomas Plekanec wins face-off versus Henrik Sedin in neutral zone.
8:33 of 2nd period - Dan Boyle is hit by Mikko Koivu.
11:40 of 2nd period - Drew Fata is hit by Bates Battaglia and loses puck.
11:47 of 2nd period - Slapshot by Joni Pitkanen.
11:47 of 2nd period - Stopped by Tim Thomas without a rebound.
11:48 of 2nd period - Henrik Sedin wins face-off versus Tomas Plekanec in Blues zone.
11:54 of 2nd period - Icing by Drew Fata.
11:55 of 2nd period - Henrik Sedin wins face-off versus Tomas Plekanec in Blues zone.
12:02 of 2nd period - Backhand shot by François Beauchemin.
12:02 of 2nd period - Stopped by Martin Biron with a rebound.
12:31 of 2nd period - Wrist shot by Mikko Koivu.
12:31 of 2nd period - Shot Misses the Net.
12:43 of 2nd period - Snap shot by Mike Fisher.
12:43 of 2nd period - Stopped by Tim Thomas with a rebound.
12:45 of 2nd period - Snap shot by Mike Fisher.
12:45 of 2nd period - Stopped by Tim Thomas with a rebound.
12:47 of 2nd period - Snap shot by David Hale.
12:47 of 2nd period - Deflect By Dan Boyle.
12:47 of 2nd period - Stopped by Tim Thomas with a rebound.
12:49 of 2nd period - Slapshot by Vitaly Vishnevsky.
12:49 of 2nd period - Shot Blocked by Matthew Lombardi.
12:51 of 2nd period - Snap shot by Mike Fisher.
12:51 of 2nd period - Shot Blocked by Dan Boyle.
12:58 of 2nd period - Icing by Danny Richmond.
12:59 of 2nd period - Adam Mair wins face-off versus Matthew Lombardi in Blues zone.
13:00 of 2nd period - Wrist shot by Bates Battaglia.
13:00 of 2nd period - Stopped by Tim Thomas without a rebound.
13:01 of 2nd period - Henrik Sedin wins face-off versus Tomas Plekanec in Blues zone.
13:47 of 2nd period - Snap shot by Danny Richmond.
13:47 of 2nd period - Stopped by Martin Biron without a rebound.
13:48 of 2nd period - Mike Fisher wins face-off versus Matthew Lombardi in Sharks zone.
13:55 of 2nd period - Snap shot by Ryan Malone.
13:55 of 2nd period - Stopped by Tim Thomas with a rebound.
14:01 of 2nd period - Wrist shot by Georges Laraque.
14:01 of 2nd period - Stopped by Tim Thomas with a rebound.
14:03 of 2nd period - Snap shot by Georges Laraque.
14:03 of 2nd period - Stopped by Tim Thomas with a rebound.
14:05 of 2nd period - Snap shot by Ryan Malone.
14:05 of 2nd period - Shot Misses the Net.
14:07 of 2nd period - Slapshot by Andrei Markov.
14:07 of 2nd period - Shot Blocked by Bryce Lampman.
14:09 of 2nd period - Snap shot by Georges Laraque.
14:09 of 2nd period - Stopped by Tim Thomas without a rebound.
14:10 of 2nd period - Travis Zajac wins face-off versus Henrik Sedin in Blues zone.
14:10 of 2nd period - Travis Zajac is hit by Daniel Sedin.
14:11 of 2nd period - Minor Penalty to Henrik Sedin for Holding.
14:12 of 2nd period - Paul Kariya wins face-off versus Adam Mair in Sharks zone.
16:11 of 2nd period - Penalty to Henrik Sedin is over, Henrik Sedin is back on ice.
16:23 of 2nd period - Darcy Hordichuk is hit by Tomas Fleischmann and loses puck.
16:28 of 2nd period - Wrist shot by Milan Hejduk.
16:28 of 2nd period - Shot Misses the Net.
16:30 of 2nd period - Backhand shot by Tomas Fleischmann.
16:30 of 2nd period - Stopped by Tim Thomas without a rebound.
16:31 of 2nd period - Mikko Koivu wins face-off versus Éric Belanger in Blues zone.
17:03 of 2nd period - Minor Penalty to Ryan Malone for Tripping.
17:04 of 2nd period - Travis Zajac wins face-off versus Henrik Sedin in Sharks zone.
17:19 of 2nd period - Slapshot by Danny Richmond.
17:19 of 2nd period - Shot Misses the Net.
17:29 of 2nd period - Henrik Sedin is hit by Tomas Plekanec and loses puck.
17:56 of 2nd period - Milan Hejduk is hit by Paul Kariya.
18:14 of 2nd period - Bates Battaglia is hit by Rick Nash and loses puck.
19:03 of 2nd period - Penalty to Ryan Malone is over, Ryan Malone is back on ice.
19:03 of 2nd period - Snap shot by Blake Wheeler.
19:03 of 2nd period - Stopped by Martin Biron with a rebound.
19:24 of 2nd period - Icing by Milan Hejduk.
19:25 of 2nd period - Ryan Malone wins face-off versus Éric Belanger in Sharks zone.
19:36 of 2nd period - Slapshot by Éric Belanger.
19:36 of 2nd period - Deflect By Bates Battaglia.
19:36 of 2nd period - Goal by Éric Belanger - Sharks : 3 - Blues : 4.
19:37 of 2nd period - Travis Zajac wins face-off versus Henrik Sedin in neutral zone.
19:42 of 2nd period - Wrist shot by Maxim Afinogenov.
19:42 of 2nd period - Goal by Maxim Afinogenov - Sharks : 3 - Blues : 5.
19:42 of 2nd period - Pascal Leclaire enters game.
19:43 of 2nd period - Henrik Sedin wins face-off versus Travis Zajac in neutral zone.
19:50 of 2nd period - Snap shot by Rick Nash.
19:50 of 2nd period - Shot Misses the Net.
19:52 of 2nd period - Slapshot by Danny Richmond.
19:52 of 2nd period - Stopped by Pascal Leclaire with a rebound.
19:54 of 2nd period - Slapshot by Danny Richmond.
19:54 of 2nd period - Stopped by Pascal Leclaire without a rebound.
19:55 of 2nd period - Henrik Sedin wins face-off versus Maxim Afinogenov in Sharks zone.
19:57 of 2nd period - Icing by Joni Pitkanen.
19:58 of 2nd period - Travis Zajac wins face-off versus Henrik Sedin in Sharks zone.
19:59 of 2nd period - Snap shot by Maxim Afinogenov.
19:59 of 2nd period - Stopped by Pascal Leclaire without a rebound.
3rd period
0:01 of 3rd period - Henrik Sedin wins face-off versus Travis Zajac in neutral zone.
0:10 of 3rd period - Wrist shot by Henrik Sedin.
0:10 of 3rd period - Goal by Henrik Sedin - Sharks : 4 - Blues : 5.
0:11 of 3rd period - Tomas Plekanec wins face-off versus Bobby Ryan in neutral zone.
0:26 of 3rd period - Wrist shot by Bobby Ryan.
0:26 of 3rd period - Shot Misses the Net.
0:36 of 3rd period - Paul Kariya is hit by Andrei Markov and loses puck.
0:48 of 3rd period - Icing by Paul Kariya.
0:49 of 3rd period - Tomas Plekanec wins face-off versus Henrik Sedin in Blues zone.
0:49 of 3rd period - Tomas Plekanec is hit by Bobby Ryan.
0:57 of 3rd period - Snap shot by Bobby Ryan.
0:57 of 3rd period - Shot Misses the Net.
0:59 of 3rd period - Wrist shot by Daniel Sedin.
0:59 of 3rd period - Stopped by Tim Thomas with a rebound.
1:01 of 3rd period - Snap shot by Daniel Sedin.
1:01 of 3rd period - Shot Misses the Net.
1:21 of 3rd period - Rick Nash is hit by Dan Girardi and loses puck.
2:28 of 3rd period - Wrist shot by Travis Zajac.
2:28 of 3rd period - Shot Blocked by Andrei Markov.
2:40 of 3rd period - Snap shot by Mikko Koivu.
2:40 of 3rd period - Stopped by Tim Thomas with a rebound.
3:57 of 3rd period - Snap shot by Mikko Koivu.
3:57 of 3rd period - Stopped by Tim Thomas without a rebound.
3:58 of 3rd period - Mikko Koivu wins face-off versus Tomas Plekanec in Blues zone.
4:24 of 3rd period - Paul Kariya is hit by Georges Laraque and loses puck.
4:35 of 3rd period - Wrist shot by Georges Laraque.
4:35 of 3rd period - Shot Misses the Net.
4:51 of 3rd period - Snap shot by Paul Kariya.
4:51 of 3rd period - Shot Misses the Net.
4:53 of 3rd period - Snap shot by Paul Kariya.
4:53 of 3rd period - Stopped by Pascal Leclaire without a rebound.
4:54 of 3rd period - Travis Zajac wins face-off versus Mikko Koivu in Sharks zone.
5:13 of 3rd period - Danny Richmond is hit by Tomas Fleischmann and loses puck.
5:33 of 3rd period - Snap shot by Matthew Lombardi.
5:33 of 3rd period - Stopped by Pascal Leclaire with a rebound.
6:18 of 3rd period - Minor Penalty to Drew Fata for Delaying the game.
6:19 of 3rd period - Paul Kariya wins face-off versus Henrik Sedin in Blues zone.
7:05 of 3rd period - Danny Richmond is hit by Mikko Koivu and loses puck.
7:20 of 3rd period - Backhand shot by Joni Pitkanen.
7:20 of 3rd period - Deflect By Tomas Fleischmann.
7:20 of 3rd period - Stopped by Tim Thomas with a rebound.
7:22 of 3rd period - Snap shot by Mikko Koivu.
7:22 of 3rd period - Shot Misses the Net.
7:24 of 3rd period - Snap shot by Mikko Koivu.
7:24 of 3rd period - Goal by Mikko Koivu - Sharks : 5 - Blues : 5.
7:25 of 3rd period - Henrik Sedin wins face-off versus Travis Zajac in neutral zone.
7:34 of 3rd period - Slapshot by Daniel Sedin.
7:34 of 3rd period - Shot Blocked by Dan Boyle.
7:50 of 3rd period - Jamie Langenbrunner is hit by Mike Fisher and loses puck.
9:39 of 3rd period - François Beauchemin is hit by Georges Laraque and loses puck.
9:49 of 3rd period - Icing by Joni Pitkanen.
9:50 of 3rd period - Mike Fisher wins face-off versus Travis Zajac in Sharks zone.
9:50 of 3rd period - Mike Fisher is hit by Rick Nash.
10:21 of 3rd period - Wrist shot by Milan Hejduk.
10:21 of 3rd period - Stopped by Tim Thomas with a rebound.
10:51 of 3rd period - Drew Fata is hit by Georges Laraque and loses puck.
11:12 of 3rd period - Snap shot by Maxim Afinogenov.
11:12 of 3rd period - Stopped by Pascal Leclaire with a rebound.
11:14 of 3rd period - Wrist shot by Rick Nash.
11:14 of 3rd period - Stopped by Pascal Leclaire with a rebound.
11:30 of 3rd period - Wrist shot by Tomas Plekanec.
11:30 of 3rd period - Deflect By Paul Kariya.
11:30 of 3rd period - Stopped by Pascal Leclaire with a rebound.
11:32 of 3rd period - Backhand shot by Jamie Langenbrunner.
11:32 of 3rd period - Shot Misses the Net.
11:34 of 3rd period - Wrist shot by Paul Kariya.
11:34 of 3rd period - Shot Misses the Net.
11:50 of 3rd period - Snap shot by Tomas Fleischmann.
11:50 of 3rd period - Shot Misses the Net.
11:56 of 3rd period - Backhand shot by Mikko Koivu.
11:56 of 3rd period - Goal by Mikko Koivu - Sharks : 6 - Blues : 5.
11:57 of 3rd period - Daniel Sedin wins face-off versus Travis Zajac in neutral zone.
12:00 of 3rd period - Snap shot by Bobby Ryan.
12:00 of 3rd period - Stopped by Tim Thomas with a rebound.
12:02 of 3rd period - Slapshot by Daniel Sedin.
12:02 of 3rd period - Stopped by Tim Thomas with a rebound.
12:04 of 3rd period - Wrist shot by Bobby Ryan.
12:04 of 3rd period - Shot Blocked by Maxim Afinogenov.
12:06 of 3rd period - Slapshot by Mike Komisarek.
12:06 of 3rd period - Deflect By Rick Nash.
12:06 of 3rd period - Stopped by Tim Thomas with a rebound.
12:08 of 3rd period - Wrist shot by Henrik Sedin.
12:08 of 3rd period - Stopped by Tim Thomas without a rebound.
12:09 of 3rd period - Travis Zajac wins face-off versus Henrik Sedin in Blues zone.
12:36 of 3rd period - Mike Komisarek is hit by Jamie Langenbrunner and loses puck.
13:10 of 3rd period - Icing by Bryce Lampman.
13:11 of 3rd period - Tomas Plekanec wins face-off versus Henrik Sedin in Blues zone.
13:22 of 3rd period - Jamie Langenbrunner is hit by Daniel Sedin.
13:49 of 3rd period - Minor Penalty to Joni Pitkanen for Hooking.
13:50 of 3rd period - Henrik Sedin wins face-off versus Tomas Plekanec in Sharks zone.
15:31 of 3rd period - Snap shot by Adam Mair.
15:31 of 3rd period - Shot Blocked by François Beauchemin.
15:49 of 3rd period - Penalty to Joni Pitkanen is over, Joni Pitkanen is back on ice.
18:25 of 3rd period - Vitaly Vishnevsky is hit by Brent Burns and loses puck.
19:09 of 3rd period - Snap shot by Georges Laraque.
19:09 of 3rd period - Stopped by Tim Thomas with a rebound.
19:15 of 3rd period - Snap shot by Henrik Sedin.
19:15 of 3rd period - Stopped by Tim Thomas without a rebound.
19:16 of 3rd period - Jacques Martin call a timeout for Blues.
19:16 of 3rd period - Travis Zajac wins face-off versus Henrik Sedin in Blues zone.
19:25 of 3rd period - Blues, Tim Thomas is pulled from the net.
19:44 of 3rd period - Snap shot by Paul Kariya.
19:44 of 3rd period - Stopped by Pascal Leclaire with a rebound.
19:52 of 3rd period - Backhand shot by Georges Laraque.
19:52 of 3rd period - Goal by Georges Laraque - Sharks : 7 - Blues : 5.
19:52 of 3rd period - Tim Thomas from Blues was sent back in the game.
19:53 of 3rd period - Matthew Lombardi wins face-off versus Adam Mair in neutral zone.
Output by the SimonT Hockey Simulator (STHS) for François Prévost -- Original Page W3C XHTML 1.0 Valid